 Dungeon Crawl Stone Soup version 0.20.2-3-g29329e0561 (webtiles) character file.

1516 Alfie the Cutter (level 8, -4/69 (71) HPs)
             Began as a Hill Orc Fighter on Nov 3, 2023.
             Slain by Alfie's ghost (7 damage)
             ... on level 6 of the Dungeon on Nov 6, 2023.
             The game lasted 00:16:10 (4009 turns).

Alfie the Cutter (Hill Orc Fighter)                 Turns: 4009, Time: 00:16:11

HP:   -4/69 (71)    AC: 10    Str: 21    XL:     8   Next: 83%
MP:   8/8           EV:  8    Int:  8    God:
Gold: 281           SH: 11    Dex: 10    Spells: 7/7 levels left

rFire    . . .     SeeInvis .   a - +0 rapier
rCold    . . .     Gourm    .   c - +1 shield
rNeg     . . .     Faith    .   b - +2 scale mail
rPois    .         Spirit   .   B - +0 helmet
rElec    .         Reflect  .   (no cloak)
rCorr    .         Harm     .   (no gloves)
MR       .....                  (no boots)
Stlth    ..........             (no amulet)
Regen    0.3/turn               (no ring)
MPRegen  0.2/turn               (no ring)

@: no status effects
A: no striking features
a: no special abilities


You were on level 6 of the Dungeon.
You were not hungry.

You visited 1 branch of the dungeon, and saw 6 of its levels.
You also visited: Sewer.

You collected 281 gold pieces.

Inventory:

Hand Weapons
 a - a +0 rapier (weapon)
Missiles
 z - 2 tomahawks (quivered)
Armour
 b - a +2 scale mail (worn)
 c - a +1 shield (worn)
 B - a +0 helmet (worn)
Jewellery
 x - an uncursed ring of wizardry
Wands
 q - a wand of flame (29/48)
 r - a wand of paralysis (7/24)
Scrolls
 e - a scroll of blinking {unknown}
 g - 2 scrolls of magic mapping
 h - 2 scrolls of immolation {unknown}
 j - a scroll of fog {unknown}
 k - a scroll of recharging {unknown}
 l - 2 scrolls of amnesia
 n - a scroll of enchant weapon {unknown}
 p - 5 scrolls of remove curse
 s - 4 scrolls of teleportation {unknown}
 y - a scroll of fear {unknown}
Potions
 d - 2 potions of curing {unknown}
 i - 2 potions of agility
 m - 2 potions of heal wounds
 o - a potion of brilliance {unknown}
 t - a potion of cancellation {unknown}
 u - 2 potions of flight {unknown}
 v - a potion of lignification {unknown}
 w - 3 potions of invisibility {unknown}
Books
 C - a book of Cantrips

   Spells                             Type                      Level
   a - Confusing Touch                Hexes                        1
   b - Animate Skeleton               Necromancy                   1
   c - Summon Small Mammal            Summoning                    1
   d - Apportation                    Translocation                1
Comestibles
 f - a meat ration
 A - a bread ration


   Skills:
 + Level 6.3 Fighting
 + Level 6.9 Short Blades
 + Level 6.0 Armour
 + Level 2.1 Dodging
 + Level 0.6 Stealth
 + Level 5.8 Shields


You had 7 spell levels left.
You didn't know any spells.

Dungeon Overview and Level Annotations

Branches:
Dungeon (6/15)             Temple (0/1) D:4

Altars:
Ashenzari
Gozag
Hepliaklqana
Kikubaaqudgha
Qazlal
Ru
Trog
Vehumet
Yredelemnul
Zin
The Shining One

Shops:
D:4 [

Annotations:
D:6 Alfie's ghost, novice HOFi


Message History

You hit the gnoll.
You kill the gnoll!
You hit Alfie's ghost.
Alfie's ghost is lightly damaged.
You block the gnoll's attack. Alfie's ghost closely misses you.
You hit Alfie's ghost.
Alfie's ghost is lightly damaged.
The gnoll hits you with a flail of protection!
* * * LOW HITPOINT WARNING * * *
Alfie's ghost misses you.
A gnoll comes into view. It is wielding a club.
You hit Alfie's ghost.
Alfie's ghost is lightly damaged.
You block the gnoll's attack. You block Alfie's ghost's attack.
You closely miss Alfie's ghost.
Alfie's ghost is lightly damaged.
You block Alfie's ghost's attack. The gnoll hits you but does no damage.
Alfie's ghost hits you!
You die...

##[.###......####...##
#...#.#..########....#
#.....#..# ##.#..#..
#.....#..# #._..####
#.##.<...#..#
##.#..#..
#...........# ###....#
####...#....# #...##
#...#....# #..##
#.#########@...####
#.##
#........gWg.>....#
###
#.#####.##......#.#
...........# #
###.##......#
#.##......#
#.##........
..##...####.# ...#####
.#


You could see Alfie's ghost and 2 gnolls.

Vanquished Creatures
  Grinder (D:3)
  The ghost of Alfie the Skirmisher, an amateur HOFi (D:3)
  An ice beast (D:4)
  A necrophage (D:5)
  4 ogres
  A howler monkey (D:4)
  A crimson imp (D:5)
  2 hounds
  2 orc wizards (D:4)
  A bullfrog skeleton (D:5)
  Jessica (D:3)
  Ijyb (D:2)
  An iguana (D:4)
  6 worker ants
  A gnoll (D:6)
  7 adders
  A river rat (D:4)
  A shadow imp (D:5)
  2 oozes
  An adder skeleton (D:4)
  2 dart slugs
  9 worms
  7 leopard geckos
  9 orcs
  10 bats
  2 bat zombies (D:4)
  A giant cockroach (D:1)
  16 goblins
  11 hobgoblins
  4 jackals (Sewer)
  3 quokkas
  6 ball pythons
  3 frilled lizards
  A giant cockroach zombie (D:5)
  8 kobolds
  6 rats
135 creatures vanquished.

Notes
Turn   | Place    | Note
-------+----------+-------------------------------------------
     0 | D:1      | Alfie the Hill Orc Fighter began the quest for the Orb.
     0 | D:1      | Reached XP level 1. HP: 19/19 MP: 1/1
    80 | D:1      | Reached XP level 2. HP: 7/27 MP: 2/2
   330 | D:1      | Reached XP level 3. HP: 18/33 MP: 3/3
   593 | D:2      | Found a shattered altar of Ashenzari.
   610 | D:2      | Reached XP level 4. HP: 20/40 MP: 4/4
   628 | D:2      | Found a glowing silver altar of Zin.
   759 | D:2      | Noticed Ijyb
   777 | D:2      | Paralysed by Ijyb for 6 turns
   786 | D:2      | Paralysed by Ijyb for 2 turns
   792 | D:2      | Killed Ijyb
   912 | D:2      | Found a basalt altar of Yredelemnul.
  1062 | D:2      | Reached XP level 5. HP: 41/47 MP: 5/5
  1128 | D:3      | Noticed Alfie's ghost (amateur HOFi)
  1140 | D:3      | Killed Alfie's ghost
  1140 | D:3      | Reached XP level 6. HP: 34/53 MP: 6/6
  1197 | D:3      | Found a radiant altar of Vehumet.
  1322 | D:3      | Noticed Jessica
  1332 | D:3      | Killed Jessica
  1334 | D:3      | Noticed Grinder
  1341 | D:3      | Paralysed by Grinder for 4 turns
  1347 | D:3      | Paralysed by Grinder for 5 turns
  1365 | D:3      | Paralysed by Grinder for 4 turns
  1373 | D:3      | Killed Grinder
  1373 | D:3      | Reached skill level 5 in Fighting
  1373 | D:3      | Reached skill level 1 in Dodging
  1373 | D:3      | Reached XP level 7. HP: 21/61 MP: 7/7
  1400 | D:3      | Found a sacrificial altar of Ru.
  1522 | D:3      | Noticed a moth of wrath
  1524 | D:3      | Found a bloodstained altar of Trog.
  1748 | D:4      | Found a stormy altar of Qazlal.
  1775 | D:4      | Reached skill level 5 in Short Blades
  1879 | D:4      | Reached skill level 5 in Shields
  2011 | D:4      | Found an opulent altar of Gozag.
  2015 | D:4      | Found a hazy altar of Hepliaklqana.
  2067 | D:4      | Found a glowing drain.
  2071 | Sewer    | Entered a sewer
  2672 | D:4      | Reached skill level 5 in Armour
  2807 | D:4      | Found Ehoader's Armour Shoppe.
  2841 | D:4      | Found a staircase to the Ecumenical Temple.
  3002 | D:4      | Reached XP level 8. HP: 31/69 MP: 8/8
  3106 | D:4      | Found an ancient bone altar of Kikubaaqudgha.
  3236 | D:5      | Entered Level 5 of the Dungeon
  3859 | D:6      | Found a glowing golden altar of the Shining One.
  4001 | D:6      | Noticed Alfie's ghost (novice HOFi)
  4005 | D:6      | HP: 2/69 [gnoll/flail of protection (7)]
  4009 | D:6      | Slain by Alfie's ghost

Skill      XL: |  1  2  3  4  5  6  7  8 |
---------------+-------------------------+-----
Fighting       | 4 5 6 |  6.3
Shields        | 4 5 |  5.8
Short Blades   | 3 4 5 6 |  6.9
Armour         | 4 5 6 |  6.0
Dodging        | 1 2 |  2.1
Stealth        | |  0.6

Action                   |  1- 3 |  4- 6 |  7- 9 || total
-------------------------+-------+-------+-------++-------
Melee: Rapier            |   103 |   178 |   368 ||   649
  Use: Scroll            |       |     6 |     3 ||     9
       Potion            |       |     4 |     1 ||     5
  Eat: Bread ration      |       |     1 |     2 ||     3
       Fruit             |       |       |     1 ||     1
Armor: Scale mail        |    70 |    56 |   147 ||   273
Dodge: Dodged            |    65 |    40 |   104 ||   209
Block: Shield            |    72 |   101 |   233 ||   406
